PA
EUGENE VANDALS @ MYRTLE BEACH SEAHAWKS
07/29/2050
 
TOP OF THE 1ST
Eugene Vandals batting - Pitching for Myrtle Beach Seahawks : RHP Sergio Rocha
Pitching: RHP Sergio Rocha
Batting: LHB Jody Anderson 0-0: Swinging Strike
0-1: Foul Ball, location: 2F
0-2: TRIPLE (Line Drive, 89XD, EV 106.9 MPH)
Batting: RHB Harris Hunt 0-0: Ball
1-0: Foul Ball, location: 2F
1-1: Called Strike
1-2: Foul Ball, location: 2F
1-2: Strikes out looking
Batting: LHB Joaquín Díaz 0-0: Called Strike
0-1: Foul Ball, location: 2F
0-2: Ball
1-2: Foul Ball, location: 2F
1-2: Strikes out swinging
Batting: SHB Tony Marino 0-0: Called Strike
0-1: Ball
1-1: Ball
Wild Pitch!
Jody Anderson scores
2-1: Ground out 5-3 (Groundball, 56S, EV 83.1 MPH)
Top of the 1st over - 1 run, 1 hit, 0 errors, 0 left on base; Eugene 1 - Myrtle Beach 0
BOTTOM OF THE 1ST
Myrtle Beach Seahawks batting - Pitching for Eugene Vandals : RHP Carl Cooper
Pitching: RHP Carl Cooper
Batting: SHB Ted Swanson 0-0: Ball
1-0: Ball
2-0: Fly out, F7 (Line Drive, 78M, EV 108.1 MPH)
Batting: RHB Richie Vickers 0-0: Foul Ball, location: 2F
0-1: Ball
1-1: Swinging Strike
1-2: Fly out, F8 (Flyball, 8LM, EV 90.6 MPH)
Batting: LHB José Rosário 0-0: Called Strike
0-1: Ball
1-1: Ball
2-1: Swinging Strike
2-2: Foul Ball, location: 2F
2-2: Ball
3-2: Base on Balls
Batting: LHB Jason Melton 0-0: Swinging Strike
0-1: Ball
1-1: Called Strike
1-2: Ball
2-2: Ball
3-2: Strikes out swinging
Bottom of the 1st over - 0 runs, 0 hits, 0 errors, 1 left on base; Eugene 1 - Myrtle Beach 0
TOP OF THE 2ND
Eugene Vandals batting - Pitching for Myrtle Beach Seahawks : RHP Sergio Rocha
Batting: RHB Bryan McLehose 0-0: Ball
1-0: Ball
2-0: Ground out 6-3 (Groundball, 6, EV 93.1 MPH)
Batting: RHB Arturo Medina 0-0: Swinging Strike
0-1: Ground out 2-3 (Groundball, 2L, EV 68.1 MPH)
Batting: RHB Armando Ramírez 0-0: Called Strike
0-1: Called Strike
0-2: Ball
1-2: Strikes out swinging
Top of the 2nd over - 0 runs, 0 hits, 0 errors, 0 left on base; Eugene 1 - Myrtle Beach 0
BOTTOM OF THE 2ND
Myrtle Beach Seahawks batting - Pitching for Eugene Vandals : RHP Carl Cooper
Batting: LHB Francisco León 0-0: Ball
1-0: DOUBLE (Groundball, 5L, EV 95.0 MPH)
Batting: SHB Juan Castio 0-0: Called Strike
0-1: Ball
1-1: Foul Ball, location: 2F
1-2: Ball
2-2: Ground out 6-3 (Groundball, 6, EV 83.1 MPH)
Batting: RHB Daniel Major 0-0: Ball
1-0: Called Strike
1-1: Ball
2-1: Ball
3-1: Base on Balls
Batting: RHB Herb Valentine 0-0: SINGLE (Flyball, 3D, EV 95.6 MPH)
Francisco León to third
Daniel Major to second
Batting: SHB Tom White 0-0: Foul Ball, location: 2F
0-1: Ball
1-1: Ball
2-1: Foul Ball, location: 2F
2-2: Grounds into double play, 6-4-3 (Groundball, 6, EV 97.5 MPH)
Bottom of the 2nd over - 0 runs, 2 hits, 0 errors, 2 left on base; Eugene 1 - Myrtle Beach 0
TOP OF THE 3RD
Eugene Vandals batting - Pitching for Myrtle Beach Seahawks : RHP Sergio Rocha
Batting: RHB Jung-heum Kim 0-0: Ball
1-0: Ball
2-0: Called Strike
2-1: Foul Ball, location: 2F
2-2: Strikes out looking
Batting: RHB Alonso Fontanez 0-0: Ground out 6-3 (Groundball, 6, EV 90.6 MPH)
Batting: LHB Jody Anderson 0-0: Swinging Strike
0-1: Ball
1-1: Ball
2-1: Ball
3-1: DOUBLE (Line Drive, 89M, EV 91.9 MPH)
Batting: RHB Harris Hunt 0-0: Foul Ball, location: 2F
0-1: Ground out 4-3 (Groundball, 4, EV 86.2 MPH)
Top of the 3rd over - 0 runs, 1 hit, 0 errors, 1 left on base; Eugene 1 - Myrtle Beach 0
BOTTOM OF THE 3RD
Myrtle Beach Seahawks batting - Pitching for Eugene Vandals : RHP Carl Cooper
Batting: SHB Ted Swanson 0-0: Called Strike
0-1: Called Strike
0-2: Ball
1-2: Ball
2-2: Fly out, F7 (Flyball, 7, EV 90.0 MPH)
Batting: RHB Richie Vickers 0-0: Fly out, F8 (Flyball, 8LD, EV 102.5 MPH)
Batting: LHB José Rosário 0-0: Ball
1-0: Foul Ball, location: 2F
1-1: Ball
2-1: Ball
3-1: Called Strike
3-2: Fly out, F9 (Flyball, 89M, EV 88.8 MPH)
Bottom of the 3rd over - 0 runs, 0 hits, 0 errors, 0 left on base; Eugene 1 - Myrtle Beach 0
TOP OF THE 4TH
Eugene Vandals batting - Pitching for Myrtle Beach Seahawks : RHP Sergio Rocha
Batting: LHB Joaquín Díaz 0-0: Ground out 4-3 (Groundball, 34, EV 106.9 MPH)
Batting: SHB Tony Marino 0-0: DOUBLE (Flyball, 8LXD, EV 107.5 MPH)
Batting: RHB Bryan McLehose 0-0: Ball
1-0: Ball
2-0: Ground out 6-3 (Groundball, 6, EV 80.0 MPH)
Batting: RHB Arturo Medina 0-0: Called Strike
0-1: Foul Ball, location: 2F
0-2: Ball
1-2: Ball
2-2: Reached on error, E6 (Groundball, 6, EV 83.1 MPH)
Tony Marino to third
Batting: RHB Armando Ramírez 0-0: Called Strike
0-1: Called Strike
0-2: Ball
1-2: Ball
2-2: Ball
3-2: Base on Balls
Arturo Medina to second
Batting: RHB Jung-heum Kim 0-0: Called Strike
0-1: Swinging Strike
0-2: Foul Ball, location: 2F
0-2: Foul Ball, location: 2F
0-2: Ball
1-2: Ball
2-2: Foul Ball, location: 2F
2-2: Foul Ball, location: 2F
2-2: Strikes out swinging
Top of the 4th over - 0 runs, 1 hit, 1 error, 3 left on base; Eugene 1 - Myrtle Beach 0
BOTTOM OF THE 4TH
Myrtle Beach Seahawks batting - Pitching for Eugene Vandals : RHP Carl Cooper
Batting: LHB Jason Melton 0-0: Ball
1-0: Called Strike
1-1: Ball
2-1: DOUBLE (Line Drive, 89D, EV 105.6 MPH)
Batting: LHB Francisco León 0-0: Ball
1-0: Ball
2-0: Ball
3-0: Called Strike
3-1: Base on Balls
Batting: SHB Juan Castio 0-0: Swinging Strike
0-1: Called Strike
0-2: DOUBLE (Line Drive, 89XD, EV 102.5 MPH)
Jason Melton scores
Francisco León to third
Batting: RHB Daniel Major 0-0: Called Strike
0-1: Called Strike
0-2: Ball
1-2: Hit by Pitch
Batting: RHB Herb Valentine 0-0: Called Strike
0-1: Ball
1-1: Foul Ball, location: 2F
1-2: SINGLE (Flyball, 8RS, EV 87.5 MPH)
Francisco León scores
Juan Castio to third
Daniel Major to second
Batting: SHB Tom White 0-0: Called Strike
0-1: Swinging Strike
0-2: Strikes out swinging
Batting: SHB Ted Swanson 0-0: SINGLE (Line Drive, 78S, EV 101.9 MPH)
Juan Castio scores
Daniel Major to third
Herb Valentine to second
Batting: RHB Richie Vickers 0-0: Called Strike
0-1: SINGLE (Line Drive, 6MD, EV 96.2 MPH)
Daniel Major scores
Herb Valentine to third
Ted Swanson to second
Runner from 3rd tries for Home, SAFE, throw by CF to home
Pitching: RHP Brian Ricks
Batting: LHB José Rosário 0-0: Ball
1-0: Swinging Strike
1-1: Ball
Wild Pitch!
Ted Swanson to third
Richie Vickers to second
2-1: 3-RUN HOME RUN (Flyball, 9D, EV 102.5 MPH), Distance : 399 ft
Batting: LHB Jason Melton 0-0: Called Strike
0-1: Ball
1-1: Swinging Strike
1-2: Foul Ball, location: 2F
1-2: Strikes out swinging
Batting: LHB Francisco León 0-0: Ground out 4-3 (Groundball, 4, EV 102.5 MPH)
Bottom of the 4th over - 8 runs, 6 hits, 0 errors, 0 left on base; Eugene 1 - Myrtle Beach 8
TOP OF THE 5TH
Eugene Vandals batting - Pitching for Myrtle Beach Seahawks : RHP Sergio Rocha
Batting: RHB Alonso Fontanez 0-0: Swinging Strike
0-1: Called Strike
0-2: Strikes out looking
Batting: LHB Jody Anderson 0-0: Ball
1-0: Called Strike
1-1: Ball
2-1: Reached on error, E5 (Groundball, 56, EV 90.6 MPH)
Batting: RHB Harris Hunt 0-0: Fielders Choice at 2nd, 5-4 (Groundball, 5L, EV 80.0 MPH)
Batting: LHB Joaquín Díaz 0-0: Called Strike
0-1: Ball
1-1: Swinging Strike
1-2: Strikes out swinging
Top of the 5th over - 0 runs, 0 hits, 1 error, 1 left on base; Eugene 1 - Myrtle Beach 8
BOTTOM OF THE 5TH
Myrtle Beach Seahawks batting - Pitching for Eugene Vandals : RHP Brian Ricks
Batting: SHB Juan Castio 0-0: Ball
1-0: Called Strike
1-1: Ground out 4-3 (Groundball, 4, EV 85.0 MPH)
Batting: RHB Daniel Major 0-0: Ball
1-0: Ball
2-0: DOUBLE (Groundball, 5L, EV 110.6 MPH)
Batting: RHB Herb Valentine 0-0: Called Strike
0-1: Foul Ball, location: 2F
0-2: Strikes out swinging
Batting: SHB Tom White 0-0: Foul Ball, location: 2F
0-1: Called Strike
0-2: Ball
1-2: Ball
2-2: Foul Ball, location: 2F
2-2: Foul Ball, location: 2F
2-2: Foul Ball, location: 2F
2-2: Fly out, F9 (Line Drive, 89S, EV 88.8 MPH)
Bottom of the 5th over - 0 runs, 1 hit, 0 errors, 1 left on base; Eugene 1 - Myrtle Beach 8
TOP OF THE 6TH
Eugene Vandals batting - Pitching for Myrtle Beach Seahawks : RHP Sergio Rocha
Pitching: LHP Cristo Coronado
Batting: SHB Tony Marino 0-0: Ball
1-0: Swinging Strike
1-1: Ball
2-1: Called Strike
2-2: Ball
3-2: Strikes out swinging
Batting: RHB Bryan McLehose 0-0: Ball
1-0: Ball
2-0: Foul Ball, location: 2F
2-1: Ball
3-1: Foul Ball, location: 2F
3-2: Strikes out looking
Batting: RHB Arturo Medina 0-0: Ground out 4-3 (Groundball, 34, EV 80.0 MPH)
Top of the 6th over - 0 runs, 0 hits, 0 errors, 0 left on base; Eugene 1 - Myrtle Beach 8
BOTTOM OF THE 6TH
Myrtle Beach Seahawks batting - Pitching for Eugene Vandals : RHP Brian Ricks
Batting: SHB Ted Swanson 0-0: Ground out 5-3 (Groundball, 5L, EV 85.6 MPH)
Batting: RHB Richie Vickers 0-0: Called Strike
0-1: Ball
1-1: Ball
2-1: Ball
3-1: Base on Balls
Batting: LHB José Rosário 0-0: Called Strike
0-1: Ball
1-1: Ball
2-1: Called Strike
2-2: Ball
3-2: SINGLE (Line Drive, 6MD, EV 100.6 MPH)
Richie Vickers to second
Richie Vickers to third
Pitching: RHP Sjaak Kiene
Batting: LHB Jason Melton 0-0: Ball
1-0: Swinging Strike
1-1: SINGLE (Line Drive, 6M, EV 97.5 MPH)
Richie Vickers scores
José Rosário to second
Batting: LHB Francisco León 0-0: Ball
1-0: Swinging Strike
1-1: Fielders Choice at 2nd, 3-6 (Groundball, 3, EV 84.4 MPH)
José Rosário to third
Batting: SHB Juan Castio 0-0: Swinging Strike
0-1: Foul Ball, location: 2F
0-2: Ball
1-2: Fly out, F9 (Flyball, 9D, EV 78.8 MPH)
Bottom of the 6th over - 1 run, 2 hits, 0 errors, 2 left on base; Eugene 1 - Myrtle Beach 9
TOP OF THE 7TH
Eugene Vandals batting - Pitching for Myrtle Beach Seahawks : LHP Cristo Coronado
Batting: RHB Armando Ramírez 0-0: Called Strike
0-1: Fly out, F7 (Flyball, 7S, EV 86.9 MPH)
Batting: RHB Jung-heum Kim 0-0: Ball
1-0: Foul Ball, location: 2F
1-1: Ball
2-1: Ball
3-1: Swinging Strike
3-2: Foul Ball, location: 2F
3-2: Strikes out looking
Batting: RHB Alonso Fontanez 0-0: Ball
1-0: Foul Ball, location: 2F
1-1: Ball
2-1: Swinging Strike
2-2: Ground out 4-3 (Groundball, 4, EV 89.4 MPH)
Top of the 7th over - 0 runs, 0 hits, 0 errors, 0 left on base; Eugene 1 - Myrtle Beach 9
BOTTOM OF THE 7TH
Myrtle Beach Seahawks batting - Pitching for Eugene Vandals : RHP Sjaak Kiene
Batting: RHB Daniel Major 0-0: Called Strike
0-1: SOLO HOME RUN (Flyball, 8LXD, EV 113.1 MPH), Distance : 463 ft
Batting: RHB Herb Valentine 0-0: Swinging Strike
0-1: Foul Ball, location: 2F
0-2: Ball
1-2: Strikes out looking
Batting: SHB Tom White 0-0: Ball
1-0: SINGLE (Line Drive, 56, EV 97.5 MPH)
Batting: SHB Ted Swanson 0-0: Fly out, F7 (Line Drive, 7, EV 85.6 MPH)
Batting: RHB Richie Vickers 0-0: Called Strike
0-1: Ball
1-1: Ball
2-1: Ball
3-1: Called Strike
3-2: Strikes out swinging
Bottom of the 7th over - 1 run, 2 hits, 0 errors, 1 left on base; Eugene 1 - Myrtle Beach 10
TOP OF THE 8TH
Eugene Vandals batting - Pitching for Myrtle Beach Seahawks : LHP Cristo Coronado
Batting: LHB Jody Anderson 0-0: Called Strike
0-1: Foul Ball, location: 2F
0-2: Ball
1-2: Foul Ball, location: 2F
1-2: Strikes out looking
Batting: RHB Harris Hunt 0-0: Called Strike
0-1: Ball
1-1: Ball
2-1: Ball
3-1: Foul Ball, location: 2F
3-2: Foul Ball, location: 2F
3-2: Ground out 4-3 (Groundball, 13, EV 83.1 MPH)
Batting: LHB Joaquín Díaz 0-0: Ball
1-0: SINGLE (Groundball, 56D, EV 99.4 MPH)
Batting: SHB Tony Marino 0-0: Fly out, F8 (Flyball, 8RXD, EV 110.0 MPH)
Top of the 8th over - 0 runs, 1 hit, 0 errors, 1 left on base; Eugene 1 - Myrtle Beach 10
BOTTOM OF THE 8TH
Myrtle Beach Seahawks batting - Pitching for Eugene Vandals : RHP Sjaak Kiene
Batting: LHB José Rosário 0-0: Foul Ball, location: 2F
0-1: Ball
1-1: Swinging Strike
1-2: Ball
2-2: SINGLE (Line Drive, 8RS, EV 96.9 MPH)
Pitching: LHP Sergio Carrasco
Batting: LHB Jason Melton 0-0: Ball
1-0: Fielders Choice at 2nd, 4-6 (Groundball, 4, EV 92.5 MPH)
Batting: LHB Francisco León 0-0: Ball
1-0: Swinging Strike
1-1: Grounds into double play, 6-4-3 (Groundball, 6, EV 76.9 MPH)
Bottom of the 8th over - 0 runs, 1 hit, 0 errors, 0 left on base; Eugene 1 - Myrtle Beach 10
TOP OF THE 9TH
Eugene Vandals batting - Pitching for Myrtle Beach Seahawks : LHP Cristo Coronado
Batting: RHB Bryan McLehose 0-0: Ball
1-0: Ball
2-0: Ball
3-0: Called Strike
3-1: SOLO HOME RUN (Flyball, 7LD, EV 100.0 MPH), Distance : 368 ft
Batting: RHB Arturo Medina 0-0: Called Strike
0-1: Ball
1-1: Reached on error, E5 (Groundball, 15, EV 80.0 MPH)
Batting: RHB Armando Ramírez 0-0: Ball
1-0: Foul Ball, location: 2F
1-1: Foul Ball, location: 2F
1-2: Ball
2-2: Ball
3-2: Fly out, F9 (Flyball, 9S, EV 80.6 MPH)
Pitching: RHP Gil James
Pinch Hitting: RHB Douglas Tomkins 0-0: Ball
1-0: Called Strike
1-1: Ball
2-1: Foul Ball, location: 2F
2-2: Foul Ball, location: 2F
2-2: Ball
3-2: Foul Ball, location: 2F
3-2: Strikes out swinging
Pinch Hitting: SHB Raúl Mercado 0-0: Swinging Strike
0-1: Ball
1-1: Called Strike
1-2: Strikes out swinging
Top of the 9th over - 1 run, 1 hit, 1 error, 1 left on base; Eugene 2 - Myrtle Beach 10
Friday, March 31st , 2023 - OOTP Baseball 23.10 Build 110